 Dungeon Crawl Stone Soup version 0.20.1-1-g8b1a95d (webtiles) character file.

179 Jukra the Skirmisher (level 5, -1/42 HPs)
             Began as a Demonspawn Abyssal Knight on Aug 27, 2017.
             Was a Priest of Lugonu.
             Slain by a gnoll
             ... wielding a +0 spear
              (2 damage)
             ... on level 3 of the Dungeon.
             The game lasted 00:10:10 (2929 turns).

Jukra the Skirmisher (Demonspawn Abyssal Knight)    Turns: 2929, Time: 00:10:11

Health: -1/42      AC:  6    Str: 11 (14) XL:     5   Next: 32%
Magic:  6/6        EV: 10    Int: 12 (13) God:    Lugonu [***...]
Gold:   97         SH:  0    Dex: 11 (12) Spells: 4/4 levels left

rFire    . . .     SeeInvis .   s - +3 whip
rCold    . . .     Gourm    .   (no shield)
rNeg     . . .     Faith    .   f - +0 ring mail
rPois    .         Spirit   .   o - +0 helmet
rElec    .         Reflect  .   (no cloak)
rCorr    .         Harm     .   (no gloves)
MR       .....                  (no boots)
Stlth    ..........             (no amulet)
Regen    0.2/turn               (no ring)
MPRegen  0.1/turn               (no ring)

@: no status effects
A: hooves 2, powered by death 1
a: Depart the Abyss, Bend Space, Banish, Renounce Religion


You were on level 3 of the Dungeon.
You worshipped Lugonu.
Lugonu was most pleased with you.
You were very hungry.

You visited 1 branch of the dungeon, and saw 3 of its levels.
You visited the Abyss 1 time.

You collected 97 gold pieces.

Inventory:

Hand Weapons
 a - a +1 falchion
 d - a +0 mace
 m - a +0 falchion
 p - a +0 club
 q - a +0 hunting sling
 s - a +3 whip (weapon)
 t - a +0 longbow
 z - a +0 mace
Armour
 b - a +0 leather armour
 f - a +0 ring mail (worn)
 o - a +0 helmet (worn)
Wands
 u - a wand of digging (12/24)
 x - a wand of acid (6/15)
Scrolls
 e - 2 scrolls of enchant weapon {unknown}
 h - 2 scrolls of recharging {unknown}
 j - 6 scrolls of identify
 v - a scroll of remove curse {unknown}
 w - a scroll of teleportation {unknown}
 y - 2 scrolls of fear {unknown}
Potions
 g - 2 potions of haste {unknown}
 i - a potion of agility {unknown}
 n - a potion of might {unknown}
 A - a potion of curing
Comestibles
 c - 3 bread rations
 k - a royal jelly
 r - 8 fruits
 B - 2 meat rations


   Skills:
 + Level 4.0 Fighting
 + Level 2.6 Long Blades
 + Level 0.5 Maces & Flails
 + Level 3.1 Armour
 + Level 1.9 Dodging
 + Level 0.2 Stealth
 + Level 2.6 Invocations


You had 4 spell levels left.
You didn't know any spells.

Dungeon Overview and Level Annotations

Branches:
Dungeon (3/15)

Altars:
Nemelex Xobeh
Qazlal
Yredelemnul
Zin


Innate Abilities, Weirdness & Mutations

You have hoof-like feet.
You regenerate a little health from kills.


Message History

Your Armour skill increases to level 3!
The gnoll completely misses you. The gnoll hits you but does no damage.
You hit the leopard gecko but do no damage.
You kick the leopard gecko.
The leopard gecko is heavily wounded.
The leopard gecko bites you.
* * * LOW HITPOINT WARNING * * *
The gnoll hits you from afar with a spear.
* * * LOW HITPOINT WARNING * * *
The leopard gecko barely misses you.
You miss the leopard gecko.
The leopard gecko is moderately wounded.
The gnoll hits you but does no damage. The leopard gecko barely misses you.
You closely miss the leopard gecko. Your kick misses the leopard gecko.
The leopard gecko is moderately wounded.
The gnoll hits you from afar with a spear.
* * * LOW HITPOINT WARNING * * *
The leopard gecko barely misses you.
The gnoll hits you from afar with a spear.
You die...

.# .# .# .# .# .# '############
.# ......gg)...+ .# .......#....#
##+# .^.....#@l..# #
...#############''''#############
.gg#............................#
####≈≈≈≈≈≈≈≈≈≈≈≈....≈≈≈≈≈≈≈≈≈≈≈≈#
≈≈≈≈≈≈≈≈≈≈≈≈≈≈≈≈....≈≈≈≈≈≈≈≈≈≈≈≈≈
≈≈≈≈≈≈≈≈≈≈≈≈≈≈≈≈....≈≈≈≈≈≈≈≈≈≈≈≈≈
.................................
...........................######
.###########..###..>.......#


You could see a gnoll and a leopard gecko.

Vanquished Creatures
  A gnoll shaman (D:3)
  Robin (D:2)
  An adder (D:3)
  2 gnolls (D:3)
  An ooze (D:3)
  2 worms
  A dart slug (D:2)
  2 leopard geckos (D:2)
  An orc (D:3)
  A ball python (D:2)
  5 bats
  A giant cockroach (D:2)
  15 goblins
  9 hobgoblins
  21 jackals
  5 kobolds
  4 quokkas
  8 frilled lizards
  7 rats
  A spectral orc (D:3)
  A plant (D:3)
90 creatures vanquished.

Vanquished Creatures (others)
  A goblin (D:2)
1 creature vanquished.

Grand Total: 91 creatures vanquished

Notes
Turn   | Place    | Note
-------+----------+-------------------------------------------
     0 | Abyss:1  | Jukra the Demonspawn Abyssal Knight began the quest for the Orb.
     0 | Abyss:1  | Reached XP level 1. HP: 18/18 MP: 2/2
    51 | Abyss:1  | Noticed a small abomination
    54 | D:1      | Escaped the Abyss
   585 | D:1      | Gained mutation: You have large cloven feet. [demonic ancestry]
   585 | D:1      | Reached XP level 2. HP: 17/24 MP: 3/3
   800 | D:1      | Reached * piety under Lugonu
   857 | D:1      | Reached skill level 1 in Dodging
  1249 | D:2      | Noticed Robin
  1265 | D:2      | Reached XP level 3. HP: 12/29 MP: 4/4
  1282 | D:2      | HP: 1/29 [Robin/falchion (2)]
  1283 | D:2      | Killed Robin
  1778 | D:2      | Reached ** piety under Lugonu
  1801 | D:2      | Gained mutation: You have hoof-like feet. [demonic ancestry]
  1801 | D:2      | Reached XP level 4. HP: 31/37 MP: 5/5
  1803 | D:2      | Found a glowing silver altar of Zin.
  1858 | D:2      | Found a sparkling altar of Nemelex Xobeh.
  2114 | D:3      | Reached skill level 4 in Fighting
  2400 | D:3      | Found a stormy altar of Qazlal.
  2431 | D:3      | Found a basalt altar of Yredelemnul.
  2786 | D:3      | Gained mutation: You regenerate a little health from kills. [demonic ancestry]
  2786 | D:3      | Reached XP level 5. HP: 23/42 MP: 6/6
  2924 | D:3      | Reached *** piety under Lugonu
  2929 | D:3      | HP: 1/42 [gnoll/spear (3)]
  2929 | D:3      | Slain by a gnoll

Skill      XL: |  1  2  3  4  5 |
---------------+----------------+-----
Dodging        | 1 |  1.9
Armour         | 2 3 |  3.1
Long Blades    | 2 |  2.6
Fighting       | 4 |  4.0
Maces & Flails | |  0.5
Stealth        | |  0.2
Invocations    | |  2.6

Action                   |  1- 3 |  4- 6 || total
-------------------------+-------+-------++-------
Melee: Falchion          |   103 |       ||   103
       Kick              |    20 |    45 ||    65
       Whip              |    12 |   149 ||   161
Invok: Depart the Abyss  |     1 |       ||     1
  Use: Scroll            |     1 |       ||     1
       Potion            |     1 |     2 ||     3
  Eat: Bread ration      |     1 |       ||     1
       Chunk             |       |     1 ||     1
Armor: Ring mail         |    47 |   101 ||   148
       Leather armour    |     1 |       ||     1
Dodge: Dodged            |    96 |   145 ||   241
       Rpst.: Falchion   |    32 |       ||    32
